 Dungeon Crawl Stone Soup version 0.15.2 (webtiles) character file.

964 Sachiko the Covered (level 7, -4/63 HPs)
             Began as a Minotaur Fighter on Jan 29, 2015.
             Was a Follower of Okawaru.
             Slain by an orc warrior
             ... wielding a +0 flail
              (15 damage)
             ... on Level 5 of the Dungeon.
             The game lasted 00:20:54 (4484 turns).

Sachiko the Covered (Minotaur Fighter)              Turns: 4484, Time: 00:20:54

HP  -4/63        AC  8     Str 23      XL: 7   Next: 93%
MP   3/3         EV  7     Int  5      God: Okawaru [*.....]
Gold 203         SH 10     Dex  9      Spells:  0 memorised,  6 levels left

rFire  . . .     SeeInvis .     a - +0 long sword
rCold  . . .     Clarity  .     b - +1 scale mail
rNeg   . . .     rCorr    .     c - +0 shield
rPois  .         rRot     .     (helmet restricted)
rElec  .         Spirit   .     (no cloak)
SustAb .         Warding  .     (no gloves)
rMut   .         Stasis   .     (no boots)
Gourm  .                        (no amulet)
MR     .....                    (no ring)
                                (no ring)

@: not resistant to hostile enchantments, extremely unstealthy
A: retaliatory headbutt, horns 2
a: Heroism, Renounce Religion


You were on level 5 of the Dungeon.
You worshipped Okawaru.
Okawaru was aware of your devotion.
You were not hungry.

You visited 1 branch of the dungeon, and saw 5 of its levels.

You collected 203 gold pieces.

Inventory:

Hand weapons
 a - a +0 long sword (weapon)
Armour
 b - a +1 scale mail (worn)
 c - a +0 shield (worn)
Magical devices
 i - a wand of magic darts (0)
 q - a wand of draining (1)
Comestibles
 d - 6 bread rations
 g - a fruit
 h - a slice of pizza
 s - 2 meat rations
Scrolls
 j - a scroll of fog
 l - 2 scrolls of teleportation
 m - a scroll of remove curse
 n - 2 scrolls of recharging
 o - a scroll of identify
 u - 2 scrolls of magic mapping
Jewellery
 p - a cursed amulet of inaccuracy
 v - a cursed ring of loudness
Potions
 e - 2 potions of might
 f - 2 potions of agility
 t - a potion of porridge
Books
 k - a book of Wizardry

   Spells                             Type                      Level
   Agony                              Necromancy                   5
   Force Lance                        Conjuration                  5
   Dispersal                          Translocation                6
   Haste                              Charms                       6
   Invisibility                       Hexes                        6
   Spellforged Servitor               Conjuration/Summoning        7
 w - a book of Fire

   Spells                             Type                      Level
   Ignite Poison                      Fire/Transmutation           5
   Fireball                           Conjuration/Fire             5
   Bolt of Fire                       Conjuration/Fire             6
   Delayed Fireball                   Conjuration/Fire             7
   Ring of Flames                     Charms/Fire                  7


   Skills:
 + Level 6.0 Fighting
 + Level 4.9 Long Blades
 + Level 6.6 Armour
 + Level 4.3 Dodging
 - Level 0.3 Stealth
 + Level 5.7 Shields


You had 6 spell levels left.
You didn't know any spells.

Dungeon Overview and Level Annotations

Branches:
Dungeon (5/15)
 Temple: D:4-7

Altars:
Ashenzari
Makhleb
Okawaru
Xom
The Shining One


Innate Abilities, Weirdness & Mutations

You reflexively headbutt those who attack you in melee.
You have a pair of horns on your head.


Message History

You kill the kobold!
Okawaru accepts your kill.
You see here a glowing short sword.
Eat which item? (? for menu, Esc to quit)
Mmmm...
Yummy eggfruit.
An orc warrior comes into view. It is wielding a flail.
The orc warrior shouts!
An orc priest and an orc wizard come into view.
The orc wizard shouts!
The orc priest shouts!
An orc comes into view. It is wielding a whip.
The orc shouts!
You hit the orc warrior but do no damage.
You block the orc warrior's attack.
You closely miss the orc warrior. The orc warrior hits you with a flail.
* * * LOW HITPOINT WARNING * * *
You block the orc priest's attack.
You hit the orc warrior.
The orc warrior is moderately wounded.
The orc warrior hits you with a flail!
You die...

#...............#...
##..............####..
##...............## ##.
##......###........# ##
........<..........(### #
....................(.###
.>.........).........(.(.
.......)).......####...(..
.......oo@.....## #......
.......oo(......# ##.....
..........(.....## #.)...
............((....# #.....
...........###....# #.....
#........####...## ##....
##.......###....# ##...#
#.......##....## #....#
#.......#....## #...##


You could see an orc warrior, an orc priest, an orc wizard and an orc.

Vanquished Creatures
  Grinder (D:4)
  2 centaurs
  Crazy Yiuf (D:2)
  5 worker ants
  3 orc wizards
  3 iguanas
  Jessica (D:2)
  A shadow imp (D:5)
  10 adders
  A giant mite (D:5)
  2 worms
  2 giant geckos
  An ooze (D:3)
  18 orcs
  2 ball pythons
  A bat zombie (D:5)
  13 hobgoblins
  4 jackals (D:4)
  A quokka (D:2)
  9 bats
  3 giant cockroaches
  3 giant newts
  13 goblins
  10 kobolds
  11 rats
121 creatures vanquished.

Notes
Turn   | Place    | Note
--------------------------------------------------------------
     0 | D:1      | Sachiko, the Minotaur Fighter, began the quest for the Orb.
     0 | D:1      | Reached XP level 1. HP: 19/19 MP: 1/1
   571 | D:1      | Reached XP level 2. HP: 27/27 MP: 1/1
   587 | D:1      | Reached skill level 4 in Armour
  1136 | D:2      | Reached XP level 3. HP: 29/33 MP: 2/2
  1147 | D:2      | Noticed Jessica
  1161 | D:2      | Killed Jessica
  1209 | D:2      | Reached XP level 4. HP: 27/41 MP: 2/2
  1289 | D:2      | Found a shimmering altar of Xom.
  1631 | D:2      | Noticed Crazy Yiuf
  1654 | D:2      | Killed Crazy Yiuf
  1654 | D:2      | Reached skill level 1 in Dodging
  2056 | D:3      | Reached XP level 5. HP: 40/47 MP: 2/2
  2126 | D:3      | Found a shattered altar of Ashenzari.
  2169 | D:3      | Reached skill level 5 in Armour
  2432 | D:3      | Reached skill level 5 in Fighting
  2636 | D:3      | Found an iron altar of Okawaru.
  2646 | D:3      | Became a worshipper of Warmaster Okawaru
  2842 | D:4      | Reached XP level 6. HP: 35/56 MP: 3/3
  3020 | D:4      | Found a glowing golden altar of the Shining One.
  3168 | D:4      | Reached skill level 5 in Shields
  3446 | D:4      | Noticed Grinder
  3450 | D:4      | Paralysed by Grinder for 6 turns
  3459 | D:4      | Paralysed by Grinder for 3 turns
  3760 | D:4      | Paralysed by Grinder for 3 turns
  3774 | D:4      | Killed Grinder
  3774 | D:4      | Acquired Okawaru's first power
  3774 | D:4      | Reached skill level 6 in Armour
  3774 | D:4      | Reached XP level 7. HP: 35/62 MP: 3/3
  4083 | D:5      | Entered Level 5 of the Dungeon
  4384 | D:5      | Found a burning altar of Makhleb.
  4484 | D:5      | Slain by an orc warrior

Action                   |  1- 3 |  4- 6 |  7- 9 || total
-------------------------+-------+-------+-------++-------
Melee: Long sword        |    64 |   226 |    65 ||   355
Evoke: Wand              |       |       |     1 ||     1
  Use: Scroll            |     6 |     7 |     1 ||    14
       Potion            |     3 |     3 |       ||     6
  Eat: Chunk             |     1 |     6 |     1 ||     8
       Beef jerky        |       |     1 |       ||     1
       Fruit             |       |       |     3 ||     3
